cohdb
Replays
Latest Replays
All Replays
Popular Replays
Top Player Replays
Match Explorer
How It Works
Community
CoH3 Stats
Reddit
Sign in to upload your games and track your stats! →
Sign in with Steam
Match 45673809
Unlisted
Match 45673809
Overview
Messages
Build Orders
End
Kettenkrad Recon Vehicle
Construct Infanterie Kompanie
Selects Terror Battlegroup
Selects Machine Gun Camouflage
MG 42 Machine Gun Team
MG 42 Machine Gun Team
MG 42 Machine Gun Team
Infanterie Officer Quarters
Construct Luftwaffe Kompanie
Jäger Squad
Jäger Squad
Medical Station
Luftwaffe Officer Quarters
Construct Panzer Kompanie
Panzer IV Medium Tank
Stoßtruppen Squad
Selects No Quarter
Panzer IV Medium Tank
Panzer Officer Quarters
Cmplord
TroxussyEnjoyer
人老打不动游戏了
gooood
Bueno
[TW]S.C.
Kys-tier rat
Dejw1d
0
0
Comments
sign in to comment!
No comments posted yet!